 Dungeon Crawl Stone Soup version 0.23.0-3-gf3c87f2 (webtiles) character file.

Game seed: 7474312169930634179

30 Borgoz the Sneak (level 3, -3/30 HPs)
             Began as a Ghoul Assassin on Feb 23, 2019.
             Killed from afar by Natasha (8 damage)
             ... with a magic dart
             ... on level 2 of the Dungeon.
             The game lasted 00:02:21 (1219 turns).

Borgoz the Sneak (Ghoul Assassin)                   Turns: 1219, Time: 00:02:22

Health: -3/30      AC:  3    Str: 14    XL:     3   Next: 20%
Magic:  2/2        EV: 11    Int:  6    God:
Gold:   85         SH:  0    Dex: 11    Spells: 2/2 levels left

rFire    . . .     SeeInvis .   a - +3 dagger
rCold    + . .     Gourm    .   (no shield)
rNeg     + + +     Faith    .   c - +0 robe
rPois    ∞         Spirit   .   (no helmet)
rElec    .         Reflect  .   d - +0 cloak
rCorr    .         Harm     .   (no gloves)
MR       .....                  (no boots)
Stlth    +++.......             (no amulet)
HPRegen  0.00/turn              (no ring)
MPRegen  0.08/turn              (no ring)

@: rotting
A: rotting body, claws 1, carnivore, cold resistance 1, negative energy
resistance 3, inhibited regeneration, torment resistance, unbreathing
a: no special abilities


You were on level 2 of the Dungeon.
You were not hungry.

You visited 1 branch of the dungeon, and saw 2 of its levels.

You collected 85 gold pieces.

Inventory:

Hand Weapons
 a - a +3 dagger (weapon)
 b - a +0 blowgun
Missiles
 e - 24 poisoned needles
 f - 2 curare-tipped needles
Armour
 c - a +0 robe (worn)
 d - a +0 cloak (worn)
Jewellery
 m - an uncursed ring of ice
Potions
 l - a potion of heal wounds {unknown}
 p - a potion of flight
Comestibles
 g - 2 rations


   Skills:
 + Level 2.6 Fighting
 + Level 2.3 Short Blades
 + Level 1.7 Throwing
 + Level 1.0 Dodging
 + Level 5.0 Stealth


You had 2 spell levels left.
You didn't know any spells.
Your spell library was empty.

Dungeon Overview and Level Annotations

Branches:
Dungeon (2/15)

Altars:
Dithmenos

Annotations:
D:2 Natasha


Innate Abilities, Weirdness & Mutations

Your body is rotting away.
You thrive on raw meat.
You are immune to poison.
You have sharp fingernails.
You are carnivorous and can eat meat at any time.
Your flesh is cold resistant. (rC+)
You are immune to negative energy. (rN+++)
You do not regenerate when monsters are visible.
You are immune to unholy pain and torment.
You can survive without breathing.


Message History

Natasha casts a spell at you. You resist with significant effort.
Eat a chunk of flesh? (ye/n/q)
You eat the chunk of flesh.
This raw flesh tastes great!
The bat barely misses you. x2
The crimson imp hits you but does no damage.
Natasha barely misses you.
You hit Natasha.
Natasha is heavily wounded.
The bat hits you. The crimson imp spits at you.
The crimson imp blinks!
Natasha claws you!
* * * LOW HITPOINT WARNING * * *
You barely miss Natasha.
Natasha is heavily wounded.
The bat hits you but does no damage. The bat hits you.
* * * LOW HITPOINT WARNING * * *
Natasha stares at you and mumbles some strange words.
The magic dart hits you!
You die...

#+######## ........# #...
#.5h§.# #...#§ #b@..#
..#§#§#§#...####
########..§§_§§..#...<###
.........#.#§#§###.##...#
..........#.§§# #.##.#.#
.......$...#§## #......#
........$.....#####.#####
..........###...)..÷#
......5...# #########


You could see Natasha, a crimson imp and a bat.

Vanquished Creatures
  A dart slug (D:1)
  2 giant cockroaches (D:1)
  7 goblins
  2 hobgoblins (D:1)
  A ball python (D:2)
  2 bats (D:1)
  2 frilled lizards (D:1)
  5 kobolds (D:1)
  7 rats
29 creatures vanquished.

Notes
Turn   | Place    | Note
-------+----------+-------------------------------------------
     0 | D:1      | Borgoz the Ghoul Assassin began the quest for the Orb.
     0 | D:1      | Reached XP level 1. HP: 17/17 MP: 0/0
   113 | D:1      | Reached XP level 2. HP: 8/25 MP: 1/1
   776 | D:1      | Reached XP level 3. HP: 29/30 MP: 2/2
  1134 | D:2      | Found a shadowy altar of Dithmenos.
  1137 | D:2      | Noticed Natasha
  1141 | D:2      | Reached skill level 1 in Dodging
  1176 | D:1      | Reached skill level 5 in Stealth
  1219 | D:2      | Killed from afar by Natasha

Skill      XL: |  1  2  3 |
---------------+----------+-----
Short Blades   | 2 |  2.3
Dodging        | 1 |  1.0
Stealth        | 5 |  5.0
Fighting       | |  2.6
Throwing       | |  1.7

Action                   || total
-------------------------++-------
Melee: Dagger            ||   101
  Use: Scroll            ||     5
       Potion            ||     1
 Stab: Sleeping          ||     9
  Eat: Chunk             ||    15
Armor: Robe              ||    18
Dodge: Dodged            ||    48
